 Dungeon Crawl Stone Soup version 0.28-a0-1638-g9123634e07 (webtiles) character file.

Game seed: 14354963723783217657

99 fragbeetle the Chopper (level 4, 0/40 HPs)
             Began as a Hill Orc Cinder Acolyte on Jan 26, 2022.
             Was a High Priest of Ignis.
             Slain by an adder (4 damage)
             ... on level 2 of the Dungeon.
             The game lasted 00:02:47 (2338 turns).

fragbeetle the Chopper (Hill Orc Cinder Acolyte)    Turns: 2338, Time: 00:02:48

Health: 0/40       AC:  2    Str: 16    XL:     4   Next: 72%
Magic:  2/6        EV: 11    Int: 16    God:    Ignis [*****.]
Gold:   87         SH:  0    Dex:  6    Spells: 4/6 levels left

rFire   + . .      SeeInvis .   h - +4 whip
rCold   . . .      Faith    .   (no shield)
rNeg    . . .      Spirit   .   b - +0 robe
rPois   .          Reflect  .   (no helmet)
rElec   .          Harm     .   (no cloak)
rCorr   .          Rampage  .   (no gloves)
Will    .....                   (no boots)
Stlth   +.........              (no amulet)
HPRegen 0.13/turn               (no ring)
MPRegen 0.10/turn               (no ring)

@: flying
A: no striking features
a: Renounce Religion, Fiery Armour, Foxfire Swarm, Rising Flame


You were on level 2 of the Dungeon.
You worshipped Ignis.
Ignis was extremely pleased with you.
You visited 1 branch of the dungeon, and saw 3 of its levels.

You collected 87 gold pieces.

Inventory:

Hand Weapons
 a - a -1 hand axe of flaming
 h - a +4 whip (weapon)
Missiles
 g - 4 poisoned darts
Armour
 b - a +0 robe (worn)
Scrolls
 d - a scroll of blinking {unknown}
 e - a scroll of magic mapping {unknown}
 f - 3 scrolls of enchant weapon {unknown}


   Skills:
 + Level 4.2 Fighting
 * Level 5.1 Axes
 + Level 1.5 Spellcasting
 * Level 4.3 Fire Magic


You had 4 spell levels left.
You knew the following spells:

 Your Spells              Type           Power      Damage    Failure   Level
a - Scorch                Fire           30%        2d7       5%          2

Your spell library contained the following spells:

 Spells                   Type           Power      Damage    Failure   Level


Dungeon Overview and Level Annotations

Branches:
Dungeon (3/15)

Altars:

Annotations:
D:2 Sigmund


Message History

You feel sick.
You feel sick.
You feel sick.
You feel sick. The giant cockroach barely misses you.
You feel sick.
You are no longer poisoned.
The adder barely misses you.
Things that are here:
a +0 short sword; a kobold corpse The adder bites you but does no damage.
You are too injured to fight recklessly!
Casting: Scorch (safe; 5% risk of failure)
Confirm with . or Enter, or press ? or * to list all spells.
Flames lash the adder.
The adder is heavily wounded.
The adder's fire resistance burns away.
The adder bites you.
You are poisoned.
The adder poisons you!
You feel sick.
Unknown command.
It was a potion of flight.
You feel very buoyant.
You fly up into the air.
You feel sick. The adder bites you.
* * * LOW HITPOINT WARNING * * *
The adder barely misses you.
Unknown command.
You feel sick.
You feel sick.
You feel sick. The adder barely misses you.
You feel sick.
You feel sick.
You are no longer poisoned.
The adder barely misses you. The adder closely misses you.
The giant cockroach waves its antennae.
The adder bites you.
* * * LOW HITPOINT WARNING * * *
The adder closely misses you. The adder bites you.
You die...

#........#
#..##.#.#
#.♣♣♣♣♣♣## #..#
.#.. #.###.# ####
### #.....########
##.#
#####.........
...# #.########
#..# #.# #..# #.#
#..# #@# #..# #S#
#########..###
#B###.............
#..............###
##.##########...##
#.# #.....# #.#
##...## #.# ##..##
#.# # ♣♣..#


You could see an adder and a giant cockroach.

Vanquished Creatures
  Jessica (D:2)
  3 adders (D:2)
  2 dart slugs
  6 endoplasms (D:1)
  2 giant cockroaches (D:1)
  4 goblins
  5 hobgoblins
  3 kobolds
  A quokka (D:1)
  2 ball pythons
  2 bats
  6 frilled lizards
  5 rats (D:1)
42 creatures vanquished.

Vanquished Creatures (others)
  3 plants (D:2)
3 creatures vanquished.

Grand Total: 45 creatures vanquished

Notes
Turn   | Place    | Note
-------+----------+-------------------------------------------
     0 | D:1      | fragbeetle the Hill Orc Cinder Acolyte began the quest for
                  | the Orb.
     0 | D:1      | Reached XP level 1. HP: 19/19 MP: 2/2
   130 | D:1      | Reached XP level 2. HP: 22/27 MP: 3/3
   799 | D:1      | Reached XP level 3. HP: 28/33 MP: 4/4
  1469 | D:2      | Found a faded altar of an unknown god.
  1524 | D:2      | Noticed Sigmund
  1617 | D:3      | Learned a level 2 spell: Scorch
  2047 | D:2      | Noticed Jessica
  2054 | D:2      | Killed Jessica
  2055 | D:2      | Reached skill level 5 in Axes
  2055 | D:2      | Reached XP level 4. HP: 27/40 MP: 6/6
  2338 | D:2      | Slain by an adder

Illustrated notes

Levels and vault maps discovered:
D:1:      sevenhm_arrival_forest_fort_small_6, layout_loops_ring
D:2:      layout_loops_ring, serial_forest, infiniplex_forest_zigzag_1,
          infiniplex_forest_clump_curved, infiniplex_forest_zigzag_1,
          infiniplex_forest_straight_2, infiniplex_forest_end_1,
          basic_ecumenical_altar, nicolae_concentric_dashed_squares_wild,
          corexii_leaking_fountain, grunt_decor_fettered, uniq_sigmund,
          uniq_jessica
D:3:      layout_loops_ring, mainiacjoe_overflow_alcove_4

Skill      XL: |  1  2  3 |
---------------+----------+-----
Fighting       | 4 |  4.2
Fire Magic     | 4 |  4.3
Axes           | 5 |  5.1
Spellcasting   | |  1.5

Action                   |  1- 3 |  4- 6 || total
-------------------------+-------+-------++-------
Melee: Hand axe          |    89 |       ||    89
       Whip              |    17 |     8 ||    25
Throw: Dart              |     1 |       ||     1
 Cast: Scorch            |     4 |     6 ||    10
  Use: Potion            |       |     1 ||     1
Armor: Robe              |    23 |     1 ||    24
Dodge: Dodged            |    67 |    15 ||    82

Table legend: (Time is in decaauts)
 A = Elapsed time spent in this place.
 B = Non-inter-level travel time spent in this place.
 C = Inter-level travel time spent in this place.
 D = Time resting spent in this place.
 E = Time spent auto-exploring this place.
 F = Levels seen in this place.
 G = Mean time per level.
                   A        B        C        D        E       F      G
               +--------+--------+--------+--------+--------+-----+--------+
         Total |   2346 |   2216 |    130 |    182 |   1694 |   3 |  782.0 |
       Dungeon |   2346 |   2216 |    130 |    182 |   1694 |   3 |  782.0 |
               +--------+--------+--------+--------+--------+-----+--------+

Top non-repeatable levels by time:
     D:1: 1668 daAuts
     D:2: 608 daAuts
     D:3: 69 daAuts
